 Dungeon Crawl Stone Soup version 0.28.0-1-gb440e238dd (webtiles) character file.

Game seed: 17027729790512360117

13406 Colgate the Destroyer (level 11, -7/84 HPs)
             Began as a Demonspawn Conjurer on Feb 19, 2022.
             Was a Priest of Sif Muna.
             Killed by an exploding fulminant prism (41 damage)
             ... on level 11 of the Dungeon on Feb 20, 2022.
             The game lasted 01:17:20 (21188 turns).

Colgate the Destroyer (Demonspawn Conjurer)        Turns: 21188, Time: 01:17:20

Health: -7/84      AC: 14    Str:  9    XL:     11   Next: 75%
Magic:  21/21      EV: 26    Int: 23    God:    Sif Muna [***...]
Gold:   265        SH:  4    Dex: 11    Spells: 18/24 levels left

rFire   . . .      SeeInvis +   D - staff of conjuration
rCold   . . .      Faith    .   R - +0 buckler
rNeg    . . .      Spirit   .   N - +0 acid dragon scales
rPois   +          Reflect  .   (helmet unavailable)
rElec   .          Harm     .   F - +1 cloak {Will+}
rCorr   +          Rampage  .   (no gloves)
Will    +....                   M - +0 pair of boots
Stlth   +.........              r - amulet of the acrobat
HPRegen 0.24/turn               c - +4 ring of protection
MPRegen 0.17/turn               j - ring of poison resistance

@: acrobatic
A: antennae 3, rugged brown scales 1, spiny 1, demonic magic 1
a: Renounce Religion, Channel Magic, Forget Spell


You were on level 11 of the Dungeon.
You worshipped Sif Muna.
Sif Muna was most pleased with you.
You visited 1 branch of the dungeon, and saw 11 of its levels.

You collected 593 gold pieces.
You spent 328 gold pieces at shops.

Inventory:

Hand Weapons
 a - a +2 whip of freezing
 I - the +10 short sword of Joyrros {chaos, rF+ rN++ Dex-5}
   (You took it off a kobold brigand on level 6 of the Dungeon)

   Each time it hits an enemy it has a different, random effect.
   Dex:       It affects your dexterity (-5).
   rF:        It protects you from fire.
   rN:        It greatly protects you from negative energy.
Missiles
 m - 12 poisoned darts
 J - 4 curare-tipped darts
 T - 3 throwing nets {!f}
Armour
 b - a +2 leather armour of poison resistance
 p - a +0 robe
 F - a +1 cloak of willpower (worn)
 M - a +0 pair of boots (worn)
 N - +0 acid dragon scales (worn)
 R - a +0 buckler (worn)
 V - the +5 chain mail of the Beginning {rF+ Str+5}
   (You found it on level 9 of the Dungeon)

   Str:       It affects your strength (+5).
   rF:        It protects you from fire.
Magical Staves
 D - a staff of conjuration (weapon)
Jewellery
 c - a +4 ring of protection (left hand)
 j - a ring of poison resistance (right hand)
 r - an amulet of the acrobat (around neck)
 S - a ring of fire
Wands
 u - a wand of acid (19) {@v1}
 v - a wand of iceblast (11) {@v2}
 A - a wand of polymorph (4)
 L - a wand of paralysis (5)
 O - a wand of flame (24)
Scrolls
 e - 3 scrolls of noise
 h - a scroll of torment {unknown}
 k - 2 scrolls of vulnerability
 l - 3 scrolls of amnesia
 n - 4 scrolls of magic mapping {@r5}
 s - a scroll of immolation {unknown}
 y - 2 scrolls of holy word {unknown}
 B - 3 scrolls of fog
 G - 2 scrolls of enchant weapon {unknown}
 H - a scroll of blinking {unknown}
 K - a scroll of enchant armour {unknown}
 Q - a scroll of brand weapon {unknown}
Potions
 d - 4 potions of curing {@q1}
 f - 2 potions of degeneration
 g - a potion of brilliance {unknown}
 i - 3 potions of might {@q3}
 o - 2 potions of berserk rage
 q - 4 potions of haste {@q4}
 t - 4 potions of attraction
 w - 4 potions of lignification
 x - a potion of resistance {unknown}
 z - a potion of magic {unknown}
 E - a potion of flight
 P - 3 potions of ambrosia
 Z - a potion of heal wounds {unknown}
Miscellaneous
 W - a phial of floods
 X - a phantom mirror


   Skills:
 + Level 6.3 Fighting
 - Level 2.8 Dodging
 - Level 1.7 Stealth
 - Level 2.0 Shields
 - Level 7.0 Spellcasting
 - Level 14.0 Conjurations
 - Level 3.5 Hexes
 - Level 7.0 Invocations
 - Level 5.2 Evocations


You had 18 spell levels left.
You knew the following spells:

 Your Spells              Type           Power      Damage    Failure   Level
b - Searing Ray           Conj           100%       2d8       1%          2
c - Fulminant Prism       Conj/Hex       32%        3d16      4%          4

Your spell library contained the following spells:

 Spells                   Type           Power      Damage    Failure   Level
 Magic Dart               Conj           100%       1d8       1%          1
 Dazzling Flash           Conj/Hex       100%       N/A       1%          3
 Slow                     Hex            96%        N/A       4%          1
 Iskenderun's Mystic Bla  Conj/Tloc      57%        2d12      10%         4
 Sting                    Tmut/Pois      32%        1d4       17%         1
 Poisonous Vapours        Pois/Air       16%        N/A       26%         2
 Sublimation of Blood     Necr           8%         N/A       26%         2
 Wereblood                Tmut           8%         N/A       26%         2
 Olgreb's Toxic Radiance  Pois           8%         N/A       86%         4
 Silence                  Hex/Air        8%         N/A       93%         5
 Agony                    Necr           8%         N/A       99%         5
 Summon Hydra             Summ           4%         N/A       100%        7


Dungeon Overview and Level Annotations

Branches:
Dungeon (11/15)            Temple (0/1) D:7            Lair (0/6) D:11
    Orc (0/2) D:11

Altars:
Dithmenos
Fedhas
Kikubaaqudgha
Makhleb
Okawaru
Sif Muna
Uskayaw
Xom
The Shining One

Shops:
D:1 *

Annotations:
D:3 jääpeto ja natasha
D:4 sormus kallion sisässä


Innate Abilities, Weirdness & Mutations

You have a pair of large antennae on your head. (SInv)
You are partially covered in rugged brown scales. (AC +1, +3% HP)
You are partially covered in sharp spines.
Spells you cast may paralyse adjacent enemies.


Message History

The black bear growls angrily.
A water moccasin comes into view.
Your fulminant prism crackles loudly.
The black bear moves out of view.
Your fulminant prism explodes!
The blast of energy engulfs the water moccasin!!
You kill the water moccasin!
Sif Muna accepts your kill.
The blast of energy engulfs the wolf!!
You kill the wolf!
Sif Muna accepts your kill.
Casting: Fulminant Prism (dangerous; 4% risk of failure)
Aiming: Fulminant Prism (dangerous; 4% risk of failure)
You feel a surge of power!
You conjure a prism of explosive energy!
Malevolent energies surge around you.
A fulminant prism comes into view.
Your fulminant prism crackles loudly.
Casting: Fulminant Prism (dangerous; 4% risk of failure)
Aiming: Fulminant Prism (dangerous; 4% risk of failure)
You feel a surge of power!
You conjure a prism of explosive energy!
Malevolent energies surge around you.
A fulminant prism comes into view.
A black bear comes into view.
Your fulminant prism explodes!
The blast of energy engulfs the iguana!!
You kill the iguana!
Sif Muna accepts your kill.
The blast of energy engulfs the water moccasin!
The blast of energy engulfs the black bear!!
Your fulminant prism crackles loudly.
You feel less invigorated.
The water moccasin is struck by your spines.
The water moccasin bites you.
The black bear goes berserk!
Your fulminant prism explodes!
The blast of energy engulfs the black bear!!!
You kill the black bear!
Sif Muna accepts your kill. The blast of energy engulfs you!!!
You die...

....... ##.........
.......###.....?$P.♣
>.......#.........P.
................P...
.......#........h##
.................#
.............[..##
.####.)....S....#
#.....@.....#
#............#
#...........##
...........##
...........##
#.........#.#
......###.# ##..##
.#


You could see a water moccasin and a black bear.

Vanquished Creatures
  3 two-headed ogres
  A cyclops (D:9)
  2 ugly things
  2 gargoyles
  An unseen horror (D:10)
  A troll (D:8)
  A hornet (D:9)
  2 slime creatures (D:9)
  3 wyverns
  14 yaks
  Menkaure (D:6)
  A vampire mosquito (D:9)
  3 acid dragons
  6 water moccasins
  4 ice beasts
  6 orc warriors
  2 black bears
  A hornet zombie (D:9)
  An ogre (shapeshifter) (D:9)
  An ogre (D:6)
  2 wolves (D:11)
  12 centaurs
  A kobold brigand (D:6)
  5 bullfrogs
  2 gnoll sergeants
  2 wyvern zombies
  A scorpion (D:4)
  A wyvern skeleton (D:5)
  9 killer bees
  A wight (D:9)
  3 vampire bats (D:10)
  3 centaur zombies
  4 jellies
  5 orc priests
  3 hounds (D:5)
  A bullfrog skeleton (D:5)
  A centaur skeleton (D:7)
  Jessica (D:2)
  3 iguanas
  7 orc wizards
  Natasha (thrice) (D:3)
  Ijyb (D:5)
  A scorpion zombie (D:5)
  A hound zombie (D:5)
  11 gnolls
  7 adders
  A shadow imp (D:8)
  A white imp (D:6)
  An adder zombie (D:5)
  2 worms
  2 dart slugs
  22 orcs
  3 ball pythons
  4 bat skeletons (D:10)
  3 bat zombies (D:10)
  6 endoplasms
  2 goblins (D:1)
  4 hobgoblins
  8 jackals
  12 kobolds
  2 quokkas
  6 bats
  6 frilled lizards
  4 rats
  A fulminant prism (D:7)
237 creatures vanquished.

Vanquished Creatures (others)
  250 fulminant prisms
  A fungus (D:11)
  15 plants
266 creatures vanquished.

Grand Total: 503 creatures vanquished

Notes
Turn   | Place    | Note
-------+----------+-------------------------------------------
     0 | D:1      | Colgate the Demonspawn Conjurer began the quest for the
                  | Orb.
     0 | D:1      | Reached XP level 1. HP: 13/13 MP: 3/3
   305 | D:1      | Gained mutation: You have a pair of small antennae on your
                  | head. [demonic ancestry]
   305 | D:1      | Reached XP level 2. HP: 19/19 MP: 0/5
   308 | D:1      | Learned a level 2 spell: Searing Ray
   422 | D:1      | You fall into a shaft and drop 1 floor!
   456 | D:2      | Found a faded altar of an unknown god.
   460 | D:2      | Got Plato's Tome of Enchantment
   461 | D:2      | Prayed at the altar of an unknown god.
   461 | D:2      | Became a worshipper of Sif Muna the Loreminder
   461 | D:2      | Reached * piety under Sif Muna
   708 | D:1      | Found Riunuaf's Assorted Antiques.
  1284 | D:2      | Reached skill level 5 in Conjurations
  1285 | D:2      | Noticed Jessica
  1391 | D:2      | Gained mutation: Spells you cast may paralyse adjacent
                  | enemies. [demonic ancestry]
  1391 | D:2      | Reached XP level 3. HP: 24/24 MP: 4/6
  1657 | D:2      | Killed Jessica
  2168 | D:3      | Gained mutation: You have a pair of antennae on your head.
                  | [demonic ancestry]
  2168 | D:3      | Reached XP level 4. HP: 30/30 MP: 2/7
  2367 | D:3      | Reached skill level 6 in Conjurations
  2414 | D:3      | Reached ** piety under Sif Muna
  2938 | D:3      | Noticed an ice beast
  3388 | D:3      | Noticed Natasha
  3391 | D:3      | Killed Natasha
  3864 | D:3      | Reached XP level 5. HP: 35/35 MP: 4/8
  4130 | D:4      | Reached skill level 7 in Conjurations
  4135 | D:4      | Learned a level 4 spell: Fulminant Prism
  4348 | D:4      | Found a shadowy altar of Dithmenos.
  4595 | D:5      | Entered Level 5 of the Dungeon
  4855 | D:5      | Reached skill level 1 in Hexes
  4920 | D:5      | Noticed Ijyb
  4989 | D:5      | Noticed a water moccasin
  4995 | D:5      | Killed a water moccasin
  4996 | D:5      | Reached XP level 6. HP: 41/41 MP: 0/9
  5203 | D:4      | Found a shadowy altar of Dithmenos.
  5661 | D:3      | Noticed Natasha
  5777 | D:3      | Killed an ice beast
  5959 | D:3      | Killed Natasha
  5960 | D:3      | Gained mutation: You are partially covered in rugged brown
                  | scales. (AC +1, +3% HP) [demonic ancestry]
  5960 | D:3      | Reached XP level 7. HP: 41/47 MP: 6/11
  6063 | D:3      | Noticed Natasha
  6069 | D:3      | Killed Natasha
  6491 | D:5      | Killed Ijyb
  6949 | D:5      | Reached skill level 8 in Conjurations
  6996 | D:5      | Reached skill level 1 in Evocations
  7222 | D:5      | Reached skill level 1 in Invocations
  7808 | D:6      | Gained mutation: You have a pair of large antennae on your
                  | head. (SInv) [demonic ancestry]
  7808 | D:6      | Reached XP level 8. HP: 53/53 MP: 0/12
  8194 | D:6      | Reached skill level 5 in Invocations
  8284 | D:6      | Noticed Menkaure
  9065 | D:6      | Killed Menkaure
  9070 | D:6      | Reached skill level 5 in Evocations
  9571 | D:6      | Found a hide-covered altar of Uskayaw.
  9632 | D:6      | Found a large runed translucent door.
  9632 | D:6      | Found a large runed translucent door.
  9639 | D:6      | Found a shimmering altar of Xom.
  9756 | D:6      | Identified the +10 short sword of Joyrros {chaos, rF+ rN++
                  | Dex-5}
  9958 | D:1      | Bought a runed cloak for 187 gold pieces
  9958 | D:1      | Bought a scroll labelled WEOCIZ TOCIPT for 25 gold pieces
  9958 | D:1      | Bought a scroll labelled WUOLIMO MAAHUV for 25 gold pieces
  9958 | D:1      | Bought a scroll labelled RILOWATHRAEM for 25 gold pieces
 10403 | D:1      | Bought a coppery potion for 22 gold pieces
 10403 | D:1      | Bought a fizzy white potion for 22 gold pieces
 10514 | D:7      | Reached XP level 9. HP: 50/58 MP: 2/14
 10988 | D:7      | Reached skill level 9 in Conjurations
 11058 | D:7      | Found a shimmering altar of Xom.
 11082 | D:7      | Noticed a gargoyle
 11088 | D:7      | Killed a gargoyle
 11112 | D:7      | Found a staircase to the Ecumenical Temple.
 12477 | D:8      | Noticed a troll
 12485 | D:8      | Killed a troll
 12486 | D:8      | Reached skill level 10 in Conjurations
 13090 | D:8      | Reached skill level 5 in Spellcasting
 13268 | D:8      | Noticed a two-headed ogre
 13294 | D:8      | Killed a two-headed ogre
 13295 | D:8      | Reached skill level 11 in Conjurations
 13295 | D:8      | Reached XP level 10. HP: 72/72 MP: 12/17
 13404 | D:8      | Found an iron altar of Okawaru.
 13531 | D:1      | Bought a black potion for 22 gold pieces
 13811 | D:8      | Noticed a two-headed ogre
 13832 | D:8      | Killed a two-headed ogre
 13838 | D:8      | Noticed a purple ugly thing
 13851 | D:8      | Killed a purple ugly thing
 13852 | D:8      | Reached skill level 12 in Conjurations
 14390 | D:7      | Found a shimmering altar of Xom.
 14399 | D:7      | Found a staircase to the Ecumenical Temple.
 15074 | D:8      | Reached skill level 1 in Shields
 16196 | D:9      | Found a burning altar of Makhleb.
 16694 | D:9      | Gained mutation: You are partially covered in sharp spines.
                  | [demonic ancestry]
 16694 | D:9      | Reached XP level 11. HP: 77/77 MP: 12/20
 16827 | D:9      | Noticed a two-headed ogre
 16849 | D:9      | Killed a two-headed ogre
 16850 | D:9      | Reached skill level 13 in Conjurations
 17123 | D:9      | Noticed a red ugly thing
 17129 | D:9      | Killed a red ugly thing
 17458 | D:9      | Identified the +5 chain mail of the Beginning {rF+ Str+5}
 17458 | D:9      | Identified the +9 longbow "Demonbane" {freeze, rCorr Dex+3}
 18374 | D:10     | Entered Level 10 of the Dungeon
 18879 | D:10     | Reached skill level 14 in Conjurations
 19225 | D:10     | Found a blossoming altar of Fedhas.
 19967 | D:10     | Reached *** piety under Sif Muna
 20165 | D:10     | Found an ancient bone altar of Kikubaaqudgha.
 20215 | D:10     | Found a blossoming altar of Fedhas.
 21134 | D:11     | Reached skill level 5 in Fighting
 21158 | D:11     | Noticed a brown ugly thing
 21170 | D:11     | Noticed a two-headed ogre
 21170 | D:11     | Found a staircase to the Orcish Mines.
 21175 | D:11     | Found a staircase to the Lair.
 21188 | D:11     | Killed by an exploding fulminant prism

Illustrated notes

Levels and vault maps discovered:
D:1:      kennysheep_arrival_seaside, layout_basic, serial_shops, shop
D:2:      layout_basic, shapermc_ecumenical_altar_rom_forum, uniq_jessica
D:3:      layout_loops_corners, uniq_natasha
D:4:      layout_basic, nicolae_dithmenos_the_darkroom, item_on_display_a
D:5:      layout_basic, serial_curves, eino_curves_04, eino_curves_03, uniq_ijyb
D:6:      due_chaos_kobolds, layout_cave_pools, lemuel_round_altar,
          kennysheep_generic_room_13, uniq_menkaure
D:7:      nicolae_BIG_FREAKIN_CUBE, layout_layer_cave, xom_teletrap_fun,
          temple_statues
D:8:      black_bear_nest_1, layout_loops_cross, mainiacjoe_overflow_alcove_4,
          wad_mini_maze
D:9:      minmay_the_grid_3x2 [minmay_the_grid_gridbox, minmay_the_grid_rooms,
          minmay_the_grid_pillar_ring, minmay_the_grid_diamond_grid,
          minmay_the_grid_empty, minmay_the_grid_prize_shrinking_boxes],
          layout_stronghold, nicolae_overflow_crystal_walls,
          mainiacjoe_overflow_chevrons
D:10:     layout_loops_corners, fedhas_ov_isle_minmay, kennysheep_vampire_church
D:11:     layout_cave_pods, minmay_lair_entry_grove, david_orc_3,
          gauntlet_entry_generic

Skill      XL: |  1  2  3  4  5  6  7  8  9 10 11 |
---------------+----------------------------------+-----
Conjurations   | 5 6 7 8 11 12 14 | 14.0
Hexes          | 3 |  3.5
Spellcasting   | 3 5 6 7 |  7.0
Evocations     | 1 5 |  5.2
Invocations    | 4 7 |  7.0
Fighting       | 3 6 |  6.3
Shields        | 2 |  2.0
Dodging        | 2 |  2.8
Stealth        | |  1.7

Action                   |  1- 3 |  4- 6 |  7- 9 | 10-12 || total
-------------------------+-------+-------+-------+-------++-------
Melee: Hand axe          |     2 |       |       |       ||     2
       Whip              |       |     3 |     1 |       ||     4
       Staff             |       |       |       |     1 ||     1
Throw: Dart              |     4 |       |       |       ||     4
 Cast: Magic Dart        |    36 |    24 |       |       ||    60
       Searing Ray       |    18 |    20 |     2 |       ||    40
       Fulminant Prism   |       |     4 |   116 |   131 ||   251
Invok: Channel Magic     |       |       |     9 |     7 ||    16
Evoke: Wand              |       |       |       |     1 ||     1
  Use: Scroll            |       |     2 |     8 |     9 ||    19
Armor: Robe              |     2 |       |     9 |       ||    11
       Leather armour    |       |     8 |       |       ||     8
       Acid dragon scale |       |       |     2 |    26 ||    28
Dodge: Dodged            |     6 |    13 |    37 |    62 ||   118
Block: Buckler           |       |       |       |    12 ||    12
